 Dungeon Crawl Stone Soup version 0.20.0-8-g6b59dc7 (webtiles) character file.

105 MDvedh the Caller (level 4, -1/27 HPs)
             Began as a Gargoyle Summoner on June 2, 2017.
             Slain by a worker ant (6 damage)
             ... on level 4 of the Dungeon.
             The game lasted 00:06:16 (3400 turns).

MDvedh the Caller (Gargoyle Summoner)               Turns: 3400, Time: 00:06:17

Health: -1/27      AC:  5    Str: 12    XL:     4   Next: 83%
Magic:  7/7        EV: 12    Int: 16    God:
Gold:   124        SH:  0    Dex: 10    Spells: 7/7 levels left

rFire    . . .     SeeInvis .   f - +0 flail
rCold    . . .     Gourm    .   (no shield)
rNeg     + . .     Faith    .   a - +0 robe
rPois    ∞         Spirit   .   (no helmet)
rElec    +         Reflect  .   (no cloak)
rCorr    .         Harm     .   (no gloves)
MR       .....                  (no boots)
Stlth    ++........             (no amulet)
Regen    0.1/turn               (no ring)
MPRegen  0.1/turn               (no ring)

@: no status effects
A: negative energy resistance 1, electricity resistance, unbreathing,
petrification resistance, rot immunity, AC +3
a: no special abilities


You were on level 4 of the Dungeon.
You were not hungry.

You visited 1 branch of the dungeon, and saw 4 of its levels.

You collected 124 gold pieces.

Inventory:

Hand Weapons
 f - a +0 flail (weapon)
 i - a +0 whip
 r - a +0 mace
Armour
 a - a +0 robe (worn)
Scrolls
 b - a scroll of remove curse {unknown}
 c - a scroll of identify
Potions
 e - 2 potions of haste
 g - a potion of degeneration {unknown}
 h - a potion of invisibility {unknown}
 k - a potion of ambrosia {unknown}
 o - a potion of curing {unknown}
Comestibles
 j - 2 meat rations
 l - a bread ration


   Skills:
 + Level 2.7 Fighting
 + Level 1.7 Maces & Flails
 + Level 2.8 Armour
 - Level 1.5 Dodging
 - Level 2.1 Stealth
 - Level 2.0 Spellcasting
   Level 3.6 Summonings


You had 7 spell levels left.
You didn't know any spells.

Dungeon Overview and Level Annotations

Branches:
Dungeon (4/15)
 Temple: D:4-7

Altars:
Cheibriados
Xom


Innate Abilities, Weirdness & Mutations

You are resistant to torment.
Your stone body is resilient. (AC +3)
You are immune to poison.
You resist negative energy. (rN+)
You are resistant to electric shocks. (rElec)
You can survive without breathing.
You are immune to petrification.
You are immune to rotting.


Message History

You hit the worker ant but do no damage.
The worker ant is lightly wounded.
The worker ant closely misses you.
You barely miss the worker ant.
The worker ant is lightly wounded.
The worker ant bites you. x2
You are too injured to fight recklessly!
You completely miss the worker ant.
The worker ant is lightly wounded.
The worker ant bites you but does no damage.
You barely miss the worker ant.
The worker ant is lightly wounded.
The worker ant bites you.
* * * LOW HITPOINT WARNING * * *
The worker ant waves its antennae.
The worker ant misses you.
You hit the worker ant.
The worker ant is heavily wounded.
The worker ant bites you.
You die...

### ..# ...
#.# #.# #a#
.# #@# .#
#.# .#
#.###.#
#.....#
###..##
#..# #..#
########..#
#.........#


You could see a worker ant.

Vanquished Creatures
  2 adders (D:2)
  An ooze (D:2)
  A leopard gecko (D:2)
  5 orcs (D:3)
  2 ball pythons
  7 bats
  4 goblins
  5 hobgoblins
  8 jackals
  8 kobolds
  A quokka (D:3)
  3 frilled lizards
  6 rats
53 creatures vanquished.

Vanquished Creatures (collateral kills)
  An adder (D:2)
  An ooze (D:1)
  A leopard gecko (D:1)
  4 goblins
  4 hobgoblins
  A quokka (D:2)
  A frilled lizard (D:1)
  2 kobolds (D:1)
15 creatures vanquished.

Grand Total: 68 creatures vanquished

Notes
Turn   | Place    | Note
-------+----------+-------------------------------------------
     0 | D:1      | MDvedh the Gargoyle Summoner began the quest for the Orb.
     0 | D:1      | Reached XP level 1. HP: 10/10 MP: 3/3
   474 | D:1      | Reached skill level 1 in Armour
   474 | D:1      | Reached XP level 2. HP: 16/16 MP: 5/5
   533 | D:1      | Reached skill level 1 in Fighting
  1187 | D:1      | Found a snail-covered altar of Cheibriados.
  1233 | D:1      | Reached XP level 3. HP: 19/20 MP: 6/6
  1507 | D:2      | Reached skill level 1 in Maces & Flails
  1699 | D:2      | Found a shimmering altar of Xom.
  1971 | D:2      | Reached XP level 4. HP: 19/26 MP: 7/7
  2789 | D:3      | Noticed an ogre
  3400 | D:4      | Slain by a worker ant

Skill      XL: |  1  2  3 |
---------------+----------+-----
Armour         | 1 2 |  2.8
Fighting       | 1 2 |  2.7
Maces & Flails | 1 |  1.7
Dodging        | |  1.5
Stealth        | |  2.1
Spellcasting   | |  2.0
Summonings     | |  3.6

Action                   |  1- 3 |  4- 6 || total
-------------------------+-------+-------++-------
Melee: Unarmed           |    36 |       ||    36
       Club              |   107 |       ||   107
       Whip              |    37 |       ||    37
       Flail             |       |    66 ||    66
       Mace              |       |    38 ||    38
Throw: Throwing net      |       |     1 ||     1
 Cast: Summon Small Mamm |    20 |     1 ||    21
  Use: Scroll            |       |     7 ||     7
 Stab: Sleeping          |     4 |       ||     4
  Eat: Chunk             |     4 |     1 ||     5
       Bread ration      |       |     1 ||     1
Armor: Robe              |    88 |    48 ||   136
Dodge: Dodged            |   160 |    71 ||   231
